Senators vs Carnivores
(R1)
Created - 22 février 2016 at 23:12
Goals
|
| Senators |
1 |
4 |
1 |
1 |
7 |
| Carnivores |
2 |
3 |
1 |
0 |
6 |
|
Shots
|
| Senators |
8 |
11 |
9 |
4 |
32 |
| Carnivores |
18 |
13 |
4 |
1 |
36 |
|
1st period
1. Carnivores , Chris Lawrence 28 (Mikael Granlund, Blake Geoffrion) at 8:18
2. Senators , Stanislav Chistov 31 (Mark Olver) at 12:12
3. Carnivores , Brendan Gallagher 12 (Andy Miele) at 13:09 (PP)
Penalties :
Patrick Wey (BIN) for Roughing (Minor) at 4:41, Logan Stephenson (BIN) for Cross-checking (Minor) at 8:46, Vernon Fiddler (BIN) for Interference (Minor) at 13:04, Frederic St-Denis (Bre) for Tripping (Minor) at 13:54
2nd period
4. Carnivores , Brendan Gallagher 13 (Andy Miele, Steve Mason) at 3:03 (PP)
5. Senators , Shane Sims 5 (Jack Skille, Erik Karlsson) at 8:00
6. Carnivores , Brendan Gallagher 14 (Andy Miele) at 10:37 (PP)
7. Senators , Matt Frattin 8 (Martin Marincin) at 11:50
8. Carnivores , Blake Geoffrion 22 (Chris Lawrence) at 12:01
9. Senators , Stanislav Chistov 32 (Vernon Fiddler, Sergei Kostitsyn) at 13:51
10. Senators , Sergei Kostitsyn 39 (Cody Hodgson, Martin Marincin) at 18:36 (SH)
Penalties :
Jack Skille (BIN) for Roughing (Minor) at 2:27, Logan Stephenson (BIN) for Hooking (Minor) at 3:34, Jaden Schwartz (BIN) for Elbowing (Minor) at 10:07, Logan Stephenson (BIN) for Hooking (Minor) at 15:13, Logan Stephenson (BIN) for High sticking (Minor) at 18:02
3rd period
11. Carnivores , Blake Geoffrion 23 (Chris Butler, Zack Smith) at 4:51
12. Senators , Stanislav Chistov 33 (Vernon Fiddler, Shane Sims) at 9:50
Penalties :
David Schlemko (Bre) for Holding (Minor) at 12:04, Jaden Schwartz (BIN) for Tripping (Minor) at 14:52
Overtime #1
13. Senators , Stanislav Chistov 34 (Erik Karlsson, Logan Stephenson) at 0:38
Penalties :
No Penalty
Goalie Stats
Jonas Gustavsson (BIN), 30 saves from 36 shots - (0,833), W, 28-15-3, 60:38 minutes
Steve Mason (Bre), 25 saves from 32 shots - (0,781), OTL, 8-6-3, 60:38 minutes
Players Stats for Senators
Player Name G A P +/- PIM S H SB GA TA FO MP PP MP PK MP
------------------------------------------------------------------------------------
Brett Sterling 0 0 0 1 0 1 1 0 0 1 0/0 12:46 1:49 1:22
Cody Hodgson 0 1 1 -2 0 3 1 0 0 0 4/13 18:03 1:49 4:03
Dylan Hunter 0 0 0 1 0 1 0 0 0 1 0/0 6:38 0:00 0:00
Erik Karlsson 0 2 2 4 0 5 3 1 1 1 0/0 30:44 2:06 8:04
Jack Skille 0 1 1 1 2 2 1 2 0 1 1/2 10:34 0:12 0:00
Jaden Schwartz 0 0 0 -3 4 1 0 0 0 0 0/0 12:08 0:00 0:00
Logan Stephenson 0 1 1 1 8 0 3 3 0 1 1/1 23:03 2:09 3:29
Mark Olver 0 1 1 1 0 0 1 0 1 0 3/4 7:56 0:12 0:00
Martin Marincin 0 2 2 0 0 0 0 3 0 2 0/0 18:26 0:00 4:35
Matt Frattin 1 0 1 1 0 6 1 0 1 0 0/1 9:30 0:12 1:27
Nick Bjugstad 0 0 0 1 0 0 4 0 0 0 1/4 9:20 0:00 0:00
Nicolas Deslauriers 0 0 0 -1 0 0 0 0 0 0 0/0 11:46 0:03 1:22
Patrick Wey 0 0 0 0 2 1 1 1 0 1 0/0 16:20 1:49 4:04
Sergei Kostitsyn 1 1 2 4 0 4 0 0 0 0 0/0 18:14 1:57 4:03
Shane Sims 1 1 2 4 0 1 0 1 0 0 0/0 22:53 1:49 4:36
Stanislav Chistov 4 0 4 4 0 5 0 2 1 0 0/1 23:31 1:57 7:40
Steven Goertzen 0 0 0 -3 0 1 4 0 1 0 0/2 14:01 1:49 0:00
Vernon Fiddler 0 2 2 4 2 1 2 1 0 0 14/37 23:25 1:57 7:35
Players Stats for Carnivores
Player Name G A P +/- PIM S H SB GA TA FO MP PP MP PK MP
------------------------------------------------------------------------------------
Andy Miele 0 3 3 -1 0 5 2 0 0 0 13/19 21:25 4:58 2:05
Anton Gustafsson 0 0 0 -2 0 0 1 1 0 0 0/0 6:04 0:00 0:00
Anton Lander 0 0 0 -1 0 1 0 1 0 0 3/4 12:19 0:43 1:26
Billy Sweat 0 0 0 0 0 0 0 0 0 0 0/0 0:00 0:00 0:00
Blake Geoffrion 2 1 3 0 0 4 2 1 2 0 2/2 19:50 7:24 0:00
Bobby Sanguinetti 0 0 0 1 0 1 0 1 0 0 0/0 17:22 5:24 0:00
Brendan Gallagher 3 0 3 -1 0 4 0 0 0 0 0/1 19:12 4:50 0:00
Chris Butler 0 1 1 -1 0 1 0 1 0 0 0/0 17:25 5:24 1:43
Chris Lawrence 1 1 2 0 0 5 1 0 1 1 4/4 20:22 7:24 0:31
Colton Orr 0 0 0 -1 0 1 1 1 1 0 0/0 10:55 0:51 0:00
David Schlemko 0 0 0 0 2 0 1 0 0 2 0/0 10:26 0:00 0:49
Frederic St-Denis 0 0 0 2 2 0 0 0 0 1 0/0 12:39 0:00 0:54
Jeremy Welsh 0 0 0 0 0 2 0 0 1 0 0/1 18:42 4:58 0:00
Joffrey Lupul 0 0 0 -1 0 2 0 0 1 0 0/0 9:21 0:00 0:04
Lane MacDermid 0 0 0 -2 0 0 0 1 0 0 0/0 9:31 0:43 1:18
Mikael Granlund 0 1 1 0 0 6 2 0 0 0 19/34 22:19 7:24 1:56
Patrick McNeill 0 0 0 -1 0 0 0 0 0 0 0/0 4:42 0:00 0:00
Phil Oreskovic 0 0 0 -4 0 3 1 2 0 1 0/0 27:18 7:41 2:15
Sasha Pokulok 0 0 0 -4 0 1 2 1 1 0 0/0 27:18 7:41 2:15
Zach Jones 0 0 0 -1 0 0 0 0 0 0 0/0 4:42 0:00 0:00
Zack Smith 0 1 1 -2 0 0 1 0 1 0 0/0 6:40 0:00 0:36
3 Stars
1 - Stanislav Chistov (BIN)
2 - Blake Geoffrion (Bre)
3 - Brendan Gallagher (Bre)
Power Play
Senators - 0 on 2 Attempt(s) - 0,00%
Carnivores - 3 on 9 Attempt(s) - 33,33%
Penalty Kill
Senators - 6 on 9 Attempt(s) - 66,67%
- Score 1 goal in Penalty Kill
Carnivores - 2 on 2 Attempt(s) - 100,00%
- Score 0 goal in Penalty Kill
Team Stat
Senators - Hits : 22 - Faceoff Wins : 24 - Blocked Shots : 14 - Penalty Minutes : 18
Carnivores - Hits : 14 - Faceoff Wins : 41 - Blocked Shots : 10 - Penalty Minutes : 4
Official
Referees : O'Rourke Dan and Peel Tim
Linesman : Brad Kovachik and Andy McElman
Game Notes
Brendan Gallagher has scored a Hat Trick!
Stanislav Chistov has scored a Hat Trick!
Finance
Level 1 -- Attendance: 1592 (79,60%) -- Ticket Income 63 680 $
Level 2 -- Attendance: 694 (69,40%) -- Ticket Income 13 880 $
Total Attendance: 2286 (76,20%)
Total Ticket Income: 77 560 $
Other Income: 3 878 $
Total Income: 81 438 $
Senators
5 vs 5 Forward
Center Left Wing Right Wing Time % Phy DF OF
1 Vernon Fiddler Sergei Kostitsyn Stanislav Chistov 40 1 2 2
2 Cody Hodgson Jaden Schwartz Steven Goertzen 30 1 2 2
3 Nick Bjugstad Brett Sterling Jack Skille 20 1 2 2
4 Mark Olver Dylan Hunter Matt Frattin 10 1 2 2
5 vs 5 Defense
Defense Defense Time % Phy DF OF
1 Shane Sims Erik Karlsson 40 1 2 2
2 Logan Stephenson Martin Marincin 30 1 2 2
3 Patrick Wey Nicolas Deslauriers 20 1 2 2
4 Erik Karlsson Logan Stephenson 10 1 2 2
PowerPlay Forward
Center Left Wing Right Wing Time % Phy DF OF
1 Vernon Fiddler Sergei Kostitsyn Stanislav Chistov 60 0 2 3
2 Cody Hodgson Brett Sterling Steven Goertzen 40 0 2 3
PowerPlay Defense
Defense Defense Time % Phy DF OF
1 Logan Stephenson Erik Karlsson 60 0 2 3
2 Patrick Wey Shane Sims 40 0 2 3
Penalty Kill 4 Players Forward
Center Wing Time % Phy DF OF
1 Vernon Fiddler Stanislav Chistov 60 0 3 2
2 Sergei Kostitsyn Cody Hodgson 40 0 3 2
Penalty Kill 4 Players Defense
Defense Defense Time % Phy DF OF
1 Logan Stephenson Erik Karlsson 60 0 3 2
2 Patrick Wey Shane Sims 40 0 3 2
Penalty Kill - 3 Players Forward
Forward Time % Phy DF OF
1 Vernon Fiddler 60 0 3 2
2 Stanislav Chistov 40 0 3 2
Penalty Kill - 3 Players Defense
Defense Defense Time % Phy DF OF
1 Logan Stephenson Erik Karlsson 60 0 3 2
2 Patrick Wey Shane Sims 40 0 3 2
4 vs 4 Forward
Center Wing Time % Phy DF OF
1 Vernon Fiddler Stanislav Chistov 60 1 2 2
2 Sergei Kostitsyn Cody Hodgson 40 1 2 2
4 vs 4 Defense
Defense Defense Time % Phy DF OF
1 Logan Stephenson Erik Karlsson 60 1 2 2
2 Patrick Wey Shane Sims 40 1 2 2
Last Minutes Offensive
Center Left Wing Right Wing Defense Defense
Vernon Fiddler Sergei Kostitsyn Steven Goertzen Logan Stephenson Erik Karlsson
Last Minutes Defensive
Center Left Wing Right Wing Defense Defense
Vernon Fiddler Sergei Kostitsyn Steven Goertzen Logan Stephenson Erik Karlsson
Goaltenders
Starting : Jonas Gustavsson
Backup : Alexander Salak
Extra Forwards
Normal : Jack Skille, Mark Olver, Matt Frattin - PP : Jack Skille, Mark Olver - PK : Matt Frattin
Extra Defensemen
Normal : Patrick Wey, Martin Marincin, Logan Stephenson - PP : Patrick Wey - PK : Martin Marincin, Logan Stephenson
Penalty Shots
Vernon Fiddler, Steven Goertzen, Sergei Kostitsyn, Cody Hodgson, Stanislav Chistov
Carnivores
5 vs 5 Forward
Center Left Wing Right Wing Time % Phy DF OF
1 Mikael Granlund Blake Geoffrion Chris Lawrence 40 1 2 2
2 Andy Miele Jeremy Welsh Brendan Gallagher 35 1 2 2
3 Anton Lander Joffrey Lupul Colton Orr 17 1 2 2
4 Anton Gustafsson Lane MacDermid Zack Smith 8 3 0 2
5 vs 5 Defense
Defense Defense Time % Phy DF OF
1 Phil Oreskovic Sasha Pokulok 40 1 2 2
2 Bobby Sanguinetti Frederic St-Denis 30 1 2 2
3 Chris Butler David Schlemko 20 1 2 2
4 Patrick McNeill Zach Jones 10 1 2 2
PowerPlay Forward
Center Left Wing Right Wing Time % Phy DF OF
1 Mikael Granlund Blake Geoffrion Chris Lawrence 53 1 1 3
2 Andy Miele Jeremy Welsh Brendan Gallagher 47 1 1 3
PowerPlay Defense
Defense Defense Time % Phy DF OF
1 Phil Oreskovic Sasha Pokulok 60 1 1 3
2 Bobby Sanguinetti Chris Butler 40 1 1 3
Penalty Kill 4 Players Forward
Center Wing Time % Phy DF OF
1 Mikael Granlund Andy Miele 60 1 3 1
2 Anton Lander Chris Lawrence 40 1 3 1
Penalty Kill 4 Players Defense
Defense Defense Time % Phy DF OF
1 Phil Oreskovic Sasha Pokulok 60 1 3 1
2 Chris Butler Frederic St-Denis 40 1 3 1
Penalty Kill - 3 Players Forward
Forward Time % Phy DF OF
1 Andy Miele 60 1 4 0
2 Anton Lander 40 1 4 0
Penalty Kill - 3 Players Defense
Defense Defense Time % Phy DF OF
1 Phil Oreskovic Sasha Pokulok 60 2 3 0
2 Chris Butler Frederic St-Denis 40 2 3 0
4 vs 4 Forward
Center Wing Time % Phy DF OF
1 Andy Miele Brendan Gallagher 60 1 2 2
2 Mikael Granlund Chris Lawrence 40 1 2 2
4 vs 4 Defense
Defense Defense Time % Phy DF OF
1 Phil Oreskovic Sasha Pokulok 60 1 2 2
2 Bobby Sanguinetti Chris Butler 40 1 2 2
Last Minutes Offensive
Center Left Wing Right Wing Defense Defense
Mikael Granlund Blake Geoffrion Andy Miele Bobby Sanguinetti Phil Oreskovic
Last Minutes Defensive
Center Left Wing Right Wing Defense Defense
Mikael Granlund Blake Geoffrion Chris Lawrence Phil Oreskovic Sasha Pokulok
Goaltenders
Starting : Steve Mason
Backup : Antti Raanta
Extra Forwards
Normal : Jeremy Welsh, Mikael Granlund, Brendan Gallagher - PP : Mikael Granlund, Brendan Gallagher - PK : Mikael Granlund
Extra Defensemen
Normal : Sasha Pokulok, Bobby Sanguinetti, Phil Oreskovic - PP : Bobby Sanguinetti - PK : Sasha Pokulok, Frederic St-Denis
Penalty Shots
Andy Miele, Mikael Granlund, Blake Geoffrion, Colton Orr, Brendan Gallagher
% Time on Ice - Senators
Lines # - Real PCT - Wanted PCT - Time Play
Normal Forward
1 - 33% - 40% - 14:18
2 - 30% - 30% - 12:41
3 - 22% - 20% - 9:20
4 - 15% - 10% - 6:38
Normal Defense
1 - 43% - 40% - 18:17
2 - 31% - 30% - 13:07
3 - 22% - 20% - 9:17
4 - 5% - 10% - 2:16
PP Forward
1 - 54% - 60% - 2:09
2 - 46% - 40% - 1:49
PP Defense
1 - 54% - 60% - 2:09
2 - 46% - 40% - 1:49
PK Forward
1 - 69% - 60% - 9:02
2 - 31% - 40% - 4:03
PK Defense
1 - 65% - 60% - 8:29
2 - 35% - 40% - 4:36
PK3 Forward
1 - 0% - 60%
2 - 0% - 40%
PK3 Defense
1 - 0% - 60%
2 - 0% - 40%
44 Forward
1 - 100% - 60% - 0:38
2 - 0% - 40% - 0:00
44 Defense
1 - 100% - 60% - 0:38
2 - 0% - 40% - 0:00
Last Minute Offensive - 0:00
Last Minute Defensive - 0:00
Total
Forward - 60:38
Defense - 60:38
|
% Time on Ice - Carnivores
Lines # - Real PCT - Wanted PCT - Time Play
Normal Forward
1 - 32% - 40% - 13:37
2 - 33% - 35% - 14:04
3 - 21% - 17% - 9:12
4 - 14% - 8% - 6:04
Normal Defense
1 - 39% - 40% - 16:44
2 - 29% - 30% - 12:31
3 - 21% - 20% - 9:00
4 - 11% - 10% - 4:42
PP Forward
1 - 61% - 53% - 7:58
2 - 39% - 47% - 5:07
PP Defense
1 - 59% - 60% - 7:41
2 - 41% - 40% - 5:24
PK Forward
1 - 87% - 60% - 3:27
2 - 13% - 40% - 0:31
PK Defense
1 - 57% - 60% - 2:15
2 - 43% - 40% - 1:43
PK3 Forward
1 - 0% - 60%
2 - 0% - 40%
PK3 Defense
1 - 0% - 60%
2 - 0% - 40%
44 Forward
1 - 100% - 60% - 0:38
2 - 0% - 40% - 0:00
44 Defense
1 - 100% - 60% - 0:38
2 - 0% - 40% - 0:00
Last Minute Offensive - 0:00
Last Minute Defensive - 0:00
Total
Forward - 60:38
Defense - 60:38
|
Play by Play
1st period
0:01 of 1st period - Vernon Fiddler wins face-off versus Mikael Granlund in neutral zone.
0:06 of 1st period - Snap shot by Sergei Kostitsyn.
0:06 of 1st period - Stopped by Steve Mason without a rebound.
0:07 of 1st period - Vernon Fiddler wins face-off versus Mikael Granlund in Carnivores zone.
0:12 of 1st period - Wrist shot by Sergei Kostitsyn.
0:12 of 1st period - Stopped by Steve Mason with a rebound.
0:54 of 1st period - Andy Miele is hit by Erik Karlsson and loses puck.
1:03 of 1st period - Shane Sims is hit by Andy Miele and loses puck.
1:44 of 1st period - Wrist shot by Blake Geoffrion.
1:44 of 1st period - Stopped by Jonas Gustavsson without a rebound.
1:45 of 1st period - Andy Miele wins face-off versus Nick Bjugstad in Senators zone.
1:48 of 1st period - Slapshot by Andy Miele.
1:48 of 1st period - Stopped by Jonas Gustavsson with a rebound.
1:54 of 1st period - Snap shot by Andy Miele.
1:54 of 1st period - Stopped by Jonas Gustavsson with a rebound.
1:56 of 1st period - Slapshot by David Schlemko.
1:56 of 1st period - Shot Misses the Net.
2:53 of 1st period - Lane MacDermid is hit by Nick Bjugstad and loses puck.
3:22 of 1st period - Martin Marincin is hit by Blake Geoffrion and loses puck.
3:35 of 1st period - Slapshot by Colton Orr.
3:35 of 1st period - Deflect By Joffrey Lupul.
3:35 of 1st period - Stopped by Jonas Gustavsson with a rebound.
3:37 of 1st period - Snap shot by Patrick McNeill.
3:37 of 1st period - Shot Blocked by Logan Stephenson.
4:11 of 1st period - Snap shot by Jeremy Welsh.
4:11 of 1st period - Stopped by Jonas Gustavsson without a rebound.
4:12 of 1st period - Mark Olver wins face-off versus Mikael Granlund in Senators zone.
4:19 of 1st period - Snap shot by Dylan Hunter.
4:19 of 1st period - Stopped by Steve Mason without a rebound.
4:20 of 1st period - Mark Olver wins face-off versus Andy Miele in Carnivores zone.
4:25 of 1st period - Snap shot by Dylan Hunter.
4:25 of 1st period - Shot Hit the Post.
4:41 of 1st period - Minor Penalty to Patrick Wey for Roughing.
4:42 of 1st period - Blake Geoffrion wins face-off versus Vernon Fiddler in Senators zone.
4:53 of 1st period - Wrist shot by Chris Lawrence.
4:53 of 1st period - Shot Misses the Net.
4:55 of 1st period - Snap shot by Chris Lawrence.
4:55 of 1st period - Deflect By Mikael Granlund.
4:55 of 1st period - Shot Misses the Net.
4:55 of 1st period - Puck is out of play.
4:56 of 1st period - Andy Miele wins face-off versus Vernon Fiddler in Senators zone.
4:57 of 1st period - Snap shot by Jeremy Welsh.
4:57 of 1st period - Shot Misses the Net.
4:59 of 1st period - Wrist shot by Andy Miele.
4:59 of 1st period - Stopped by Jonas Gustavsson with a rebound.
5:01 of 1st period - Backhand shot by Andy Miele.
5:01 of 1st period - Shot Blocked by Stanislav Chistov.
5:03 of 1st period - Slapshot by Andy Miele.
5:03 of 1st period - Stopped by Jonas Gustavsson with a rebound.
5:05 of 1st period - Snap shot by Brendan Gallagher.
5:05 of 1st period - Shot Misses the Net.
6:41 of 1st period - Penalty to Patrick Wey is over, Patrick Wey is back on ice.
6:44 of 1st period - Slapshot by Matt Frattin.
6:44 of 1st period - Stopped by Steve Mason with a rebound.
7:06 of 1st period - Wrist shot by Brett Sterling.
7:06 of 1st period - Deflect By Matt Frattin.
7:06 of 1st period - Shot Misses the Net.
7:06 of 1st period - Puck is out of play.
7:07 of 1st period - Anton Lander wins face-off versus Cody Hodgson in Carnivores zone.
7:16 of 1st period - Snap shot by Cody Hodgson.
7:16 of 1st period - Stopped by Steve Mason with a rebound.
7:18 of 1st period - Backhand shot by Cody Hodgson.
7:18 of 1st period - Shot Blocked by Anton Lander.
7:36 of 1st period - Anton Lander is hit by Logan Stephenson and loses puck.
8:03 of 1st period - Logan Stephenson is hit by David Schlemko and loses puck.
8:08 of 1st period - Snap shot by Anton Lander.
8:08 of 1st period - Stopped by Jonas Gustavsson with a rebound.
8:10 of 1st period - Snap shot by Joffrey Lupul.
8:10 of 1st period - Deflect By Colton Orr.
8:10 of 1st period - Stopped by Jonas Gustavsson without a rebound.
8:11 of 1st period - Mikael Granlund wins face-off versus Cody Hodgson in Senators zone.
8:12 of 1st period - Wrist shot by Chris Lawrence.
8:12 of 1st period - Stopped by Jonas Gustavsson with a rebound.
8:14 of 1st period - Snap shot by Blake Geoffrion.
8:14 of 1st period - Shot Misses the Net.
8:16 of 1st period - Wrist shot by Mikael Granlund.
8:16 of 1st period - Stopped by Jonas Gustavsson with a rebound.
8:18 of 1st period - Snap shot by Chris Lawrence.
8:18 of 1st period - Goal by Chris Lawrence - Senators : 0 - Carnivores : 1.
8:19 of 1st period - Andy Miele wins face-off versus Steven Goertzen in neutral zone.
8:35 of 1st period - Off-side.
8:36 of 1st period - Mikael Granlund wins face-off versus Vernon Fiddler in neutral zone.
8:46 of 1st period - Minor Penalty to Logan Stephenson for Cross-checking.
8:47 of 1st period - Chris Lawrence wins face-off versus Vernon Fiddler in Senators zone.
8:47 of 1st period - Wrist shot by Mikael Granlund.
8:47 of 1st period - Shot Misses the Net.
8:49 of 1st period - Snap shot by Mikael Granlund.
8:49 of 1st period - Deflect By Chris Lawrence.
8:49 of 1st period - Shot Blocked by Martin Marincin.
8:49 of 1st period - Puck is out of play.
8:50 of 1st period - Mikael Granlund wins face-off versus Vernon Fiddler in Senators zone.
9:37 of 1st period - Slapshot by Cody Hodgson.
9:37 of 1st period - Shot Misses the Net.
9:47 of 1st period - Snap shot by Chris Lawrence.
9:47 of 1st period - Shot Misses the Net.
9:49 of 1st period - Slapshot by Phil Oreskovic.
9:49 of 1st period - Shot Blocked by Vernon Fiddler.
10:14 of 1st period - Off-side.
10:15 of 1st period - Andy Miele wins face-off versus Cody Hodgson in neutral zone.
10:46 of 1st period - Penalty to Logan Stephenson is over, Logan Stephenson is back on ice.
11:25 of 1st period - Slapshot by Matt Frattin.
11:25 of 1st period - Stopped by Steve Mason without a rebound.
11:26 of 1st period - Mark Olver wins face-off versus Anton Lander in Carnivores zone.
11:27 of 1st period - Snap shot by Matt Frattin.
11:27 of 1st period - Stopped by Steve Mason with a rebound.
12:12 of 1st period - Snap shot by Stanislav Chistov.
12:12 of 1st period - Goal by Stanislav Chistov - Senators : 1 - Carnivores : 1.
12:13 of 1st period - Chris Lawrence wins face-off versus Vernon Fiddler in neutral zone.
12:27 of 1st period - Icing by Mikael Granlund.
12:28 of 1st period - Cody Hodgson wins face-off versus Mikael Granlund in Carnivores zone.
12:43 of 1st period - Wrist shot by Chris Lawrence.
12:43 of 1st period - Stopped by Jonas Gustavsson without a rebound.
12:44 of 1st period - Andy Miele wins face-off versus Vernon Fiddler in Senators zone.
12:53 of 1st period - Snap shot by Jeremy Welsh.
12:53 of 1st period - Shot Blocked by Erik Karlsson.
12:55 of 1st period - Wrist shot by Jeremy Welsh.
12:55 of 1st period - Deflect By Andy Miele.
12:55 of 1st period - Shot Misses the Net.
12:55 of 1st period - Puck is out of play.
12:56 of 1st period - Mikael Granlund wins face-off versus Vernon Fiddler in Senators zone.
13:04 of 1st period - Minor Penalty to Vernon Fiddler for Interference.
13:05 of 1st period - Andy Miele wins face-off versus Matt Frattin in Senators zone.
13:09 of 1st period - Snap shot by Brendan Gallagher.
13:09 of 1st period - Goal by Brendan Gallagher - Senators : 1 - Carnivores : 2.
13:10 of 1st period - Vernon Fiddler wins face-off versus Mikael Granlund in neutral zone.
13:39 of 1st period - Snap shot by Andy Miele.
13:39 of 1st period - Stopped by Jonas Gustavsson without a rebound.
13:40 of 1st period - Cody Hodgson wins face-off versus Andy Miele in Senators zone.
13:54 of 1st period - Minor Penalty to Frederic St-Denis for Tripping.
13:55 of 1st period - Mikael Granlund wins face-off versus Stanislav Chistov in Carnivores zone.
15:51 of 1st period - Icing by Jack Skille.
15:52 of 1st period - Jack Skille wins face-off versus Mikael Granlund in Senators zone.
15:54 of 1st period - Penalty to Frederic St-Denis is over, Frederic St-Denis is back on ice.
15:59 of 1st period - David Schlemko is hit by Logan Stephenson and loses puck.
16:06 of 1st period - Wrist shot by Jack Skille.
16:06 of 1st period - Shot Misses the Net.
16:12 of 1st period - Snap shot by Mikael Granlund.
16:12 of 1st period - Shot Misses the Net.
16:18 of 1st period - Wrist shot by Mikael Granlund.
16:18 of 1st period - Stopped by Jonas Gustavsson with a rebound.
16:20 of 1st period - Slapshot by Chris Butler.
16:20 of 1st period - Stopped by Jonas Gustavsson with a rebound.
16:26 of 1st period - Wrist shot by Mikael Granlund.
16:26 of 1st period - Stopped by Jonas Gustavsson without a rebound.
16:27 of 1st period - Cody Hodgson wins face-off versus Andy Miele in Senators zone.
16:43 of 1st period - Icing by Andy Miele.
16:44 of 1st period - Vernon Fiddler wins face-off versus Brendan Gallagher in Carnivores zone.
16:55 of 1st period - Wrist shot by Jeremy Welsh.
16:55 of 1st period - Shot Misses the Net.
17:55 of 1st period - Slapshot by Shane Sims.
17:55 of 1st period - Shot Blocked by Chris Butler.
Goals for this period are 1 for Senators vs 2 for Carnivores.
Shots for this period are 8 for Senators vs 18 for Carnivores.
2nd period
0:01 of 2nd period - Vernon Fiddler wins face-off versus Mikael Granlund in neutral zone.
0:08 of 2nd period - Snap shot by Vernon Fiddler.
0:08 of 2nd period - Shot Misses the Net.
0:10 of 2nd period - Slapshot by Erik Karlsson.
0:10 of 2nd period - Stopped by Steve Mason with a rebound.
0:12 of 2nd period - Snap shot by Erik Karlsson.
0:12 of 2nd period - Shot Blocked by Phil Oreskovic.
0:14 of 2nd period - Slapshot by Sergei Kostitsyn.
0:14 of 2nd period - Stopped by Steve Mason without a rebound.
0:15 of 2nd period - Andy Miele wins face-off versus Cody Hodgson in Carnivores zone.
0:15 of 2nd period - Andy Miele is hit by Cody Hodgson.
0:22 of 2nd period - Icing by Shane Sims.
0:23 of 2nd period - Andy Miele wins face-off versus Cody Hodgson in Senators zone.
1:14 of 2nd period - Snap shot by Erik Karlsson.
1:14 of 2nd period - Shot Misses the Net.
1:16 of 2nd period - Slapshot by Erik Karlsson.
1:16 of 2nd period - Stopped by Steve Mason without a rebound.
1:17 of 2nd period - Chris Lawrence wins face-off versus Cody Hodgson in Carnivores zone.
1:17 of 2nd period - Chris Lawrence is hit by Steven Goertzen.
2:05 of 2nd period - Wrist shot by Jack Skille.
2:05 of 2nd period - Stopped by Steve Mason without a rebound.
2:06 of 2nd period - Nick Bjugstad wins face-off versus Mikael Granlund in Carnivores zone.
2:07 of 2nd period - Slapshot by Jack Skille.
2:07 of 2nd period - Shot Misses the Net.
2:13 of 2nd period - Snap shot by Mikael Granlund.
2:13 of 2nd period - Stopped by Jonas Gustavsson with a rebound.
2:15 of 2nd period - Slapshot by Mikael Granlund.
2:15 of 2nd period - Shot Misses the Net.
2:17 of 2nd period - Slapshot by Phil Oreskovic.
2:17 of 2nd period - Stopped by Jonas Gustavsson with a rebound.
2:19 of 2nd period - Slapshot by Chris Lawrence.
2:19 of 2nd period - Shot Blocked by Shane Sims.
2:21 of 2nd period - Slapshot by Phil Oreskovic.
2:21 of 2nd period - Shot Misses the Net.
2:27 of 2nd period - Minor Penalty to Jack Skille for Roughing.
2:28 of 2nd period - Vernon Fiddler wins face-off versus Mikael Granlund in Senators zone.
2:33 of 2nd period - Blake Geoffrion is hit by Vernon Fiddler and loses puck.
3:03 of 2nd period - Snap shot by Brendan Gallagher.
3:03 of 2nd period - Goal by Brendan Gallagher - Senators : 1 - Carnivores : 3.
3:04 of 2nd period - Mikael Granlund wins face-off versus Vernon Fiddler in neutral zone.
3:11 of 2nd period - Slapshot by Mikael Granlund.
3:11 of 2nd period - Stopped by Jonas Gustavsson with a rebound.
3:34 of 2nd period - Minor Penalty to Logan Stephenson for Hooking.
3:35 of 2nd period - Mikael Granlund wins face-off versus Vernon Fiddler in Senators zone.
3:44 of 2nd period - Wrist shot by Chris Lawrence.
3:44 of 2nd period - Shot Misses the Net.
3:46 of 2nd period - Snap shot by Blake Geoffrion.
3:46 of 2nd period - Stopped by Jonas Gustavsson without a rebound.
3:47 of 2nd period - Vernon Fiddler wins face-off versus Mikael Granlund in Senators zone.
3:52 of 2nd period - Snap shot by Chris Lawrence.
3:52 of 2nd period - Shot Blocked by Martin Marincin.
3:54 of 2nd period - Snap shot by Chris Lawrence.
3:54 of 2nd period - Stopped by Jonas Gustavsson with a rebound.
3:56 of 2nd period - Wrist shot by Mikael Granlund.
3:56 of 2nd period - Stopped by Jonas Gustavsson with a rebound.
3:58 of 2nd period - Slapshot by Phil Oreskovic.
3:58 of 2nd period - Stopped by Jonas Gustavsson with a rebound.
5:34 of 2nd period - Penalty to Logan Stephenson is over, Logan Stephenson is back on ice.
5:46 of 2nd period - Steven Goertzen is hit by Zack Smith and loses puck.
5:53 of 2nd period - Patrick Wey is hit by Phil Oreskovic and loses puck.
6:47 of 2nd period - Vernon Fiddler is hit by Colton Orr and loses puck.
6:55 of 2nd period - Icing by Vernon Fiddler.
6:56 of 2nd period - Mikael Granlund wins face-off versus Mark Olver in Senators zone.
6:57 of 2nd period - Snap shot by Blake Geoffrion.
6:57 of 2nd period - Shot Blocked by Logan Stephenson.
6:59 of 2nd period - Slapshot by David Schlemko.
6:59 of 2nd period - Shot Blocked by Logan Stephenson.
7:11 of 2nd period - Logan Stephenson is hit by Blake Geoffrion and loses puck.
7:44 of 2nd period - Snap shot by Brett Sterling.
7:44 of 2nd period - Deflect By Jack Skille.
7:44 of 2nd period - Shot Blocked by Colton Orr.
7:44 of 2nd period - Puck is out of play.
7:45 of 2nd period - Anton Lander wins face-off versus Nick Bjugstad in Carnivores zone.
7:58 of 2nd period - Slapshot by Jack Skille.
7:58 of 2nd period - Shot Blocked by Phil Oreskovic.
8:00 of 2nd period - Slapshot by Shane Sims.
8:00 of 2nd period - Goal by Shane Sims - Senators : 2 - Carnivores : 3.
8:01 of 2nd period - Mikael Granlund wins face-off versus Vernon Fiddler in neutral zone.
8:04 of 2nd period - Stanislav Chistov is hit by Mikael Granlund and loses puck.
8:27 of 2nd period - Brendan Gallagher is hit by Steven Goertzen.
9:11 of 2nd period - Slapshot by Sasha Pokulok.
9:11 of 2nd period - Stopped by Jonas Gustavsson with a rebound.
9:53 of 2nd period - Snap shot by Stanislav Chistov.
9:53 of 2nd period - Shot Misses the Net.
10:07 of 2nd period - Minor Penalty to Jaden Schwartz for Elbowing.
10:08 of 2nd period - Mikael Granlund wins face-off versus Vernon Fiddler in Senators zone.
10:21 of 2nd period - Snap shot by Blake Geoffrion.
10:21 of 2nd period - Deflect By Chris Lawrence.
10:21 of 2nd period - Shot Misses the Net.
10:21 of 2nd period - Puck is out of play.
10:22 of 2nd period - Vernon Fiddler wins face-off versus Andy Miele in Senators zone.
10:37 of 2nd period - Slapshot by Brendan Gallagher.
10:37 of 2nd period - Goal by Brendan Gallagher - Senators : 2 - Carnivores : 4.
10:38 of 2nd period - Vernon Fiddler wins face-off versus Mikael Granlund in neutral zone.
10:49 of 2nd period - Bobby Sanguinetti is hit by Erik Karlsson and loses puck.
11:20 of 2nd period - Wrist shot by Colton Orr.
11:20 of 2nd period - Deflect By Joffrey Lupul.
11:20 of 2nd period - Stopped by Jonas Gustavsson with a rebound.
11:50 of 2nd period - Slapshot by Matt Frattin.
11:50 of 2nd period - Goal by Matt Frattin - Senators : 3 - Carnivores : 4.
11:51 of 2nd period - Mikael Granlund wins face-off versus Cody Hodgson in neutral zone.
11:54 of 2nd period - Jaden Schwartz is hit by Chris Lawrence and loses puck.
12:01 of 2nd period - Backhand shot by Blake Geoffrion.
12:01 of 2nd period - Goal by Blake Geoffrion - Senators : 3 - Carnivores : 5.
12:02 of 2nd period - Chris Lawrence wins face-off versus Vernon Fiddler in neutral zone.
12:09 of 2nd period - Off-side.
12:10 of 2nd period - Vernon Fiddler wins face-off versus Mikael Granlund in neutral zone.
12:19 of 2nd period - Snap shot by Vernon Fiddler.
12:19 of 2nd period - Stopped by Steve Mason without a rebound.
12:20 of 2nd period - Mikael Granlund wins face-off versus Vernon Fiddler in Carnivores zone.
12:54 of 2nd period - Slapshot by Logan Stephenson.
12:54 of 2nd period - Deflect By Cody Hodgson.
12:54 of 2nd period - Stopped by Steve Mason with a rebound.
13:06 of 2nd period - Snap shot by Nick Bjugstad.
13:06 of 2nd period - Shot Misses the Net.
13:08 of 2nd period - Slapshot by Martin Marincin.
13:08 of 2nd period - Shot Misses the Net.
13:37 of 2nd period - Off-side.
13:38 of 2nd period - Mikael Granlund wins face-off versus Vernon Fiddler in neutral zone.
13:51 of 2nd period - Snap shot by Stanislav Chistov.
13:51 of 2nd period - Goal by Stanislav Chistov - Senators : 4 - Carnivores : 5.
13:52 of 2nd period - Andy Miele wins face-off versus Vernon Fiddler in neutral zone.
15:02 of 2nd period - Wrist shot by Brendan Gallagher.
15:02 of 2nd period - Shot Blocked by Jack Skille.
15:04 of 2nd period - Slapshot by Patrick McNeill.
15:04 of 2nd period - Shot Blocked by Jack Skille.
15:06 of 2nd period - Wrist shot by Brendan Gallagher.
15:06 of 2nd period - Deflect By Jeremy Welsh.
15:06 of 2nd period - Stopped by Jonas Gustavsson with a rebound.
15:13 of 2nd period - Minor Penalty to Logan Stephenson for Hooking.
15:14 of 2nd period - Vernon Fiddler wins face-off versus Mikael Granlund in Senators zone.
16:03 of 2nd period - Snap shot by Anton Lander.
16:03 of 2nd period - Shot Blocked by Patrick Wey.
16:05 of 2nd period - Backhand shot by Bobby Sanguinetti.
16:05 of 2nd period - Shot Misses the Net.
17:13 of 2nd period - Penalty to Logan Stephenson is over, Logan Stephenson is back on ice.
17:18 of 2nd period - Logan Stephenson is hit by Sasha Pokulok.
17:40 of 2nd period - Snap shot by Matt Frattin.
17:40 of 2nd period - Shot Misses the Net.
18:02 of 2nd period - Minor Penalty to Logan Stephenson for High sticking.
18:03 of 2nd period - Blake Geoffrion wins face-off versus Vernon Fiddler in Senators zone.
18:16 of 2nd period - Vernon Fiddler is hit by Mikael Granlund.
18:32 of 2nd period - Snap shot by Cody Hodgson.
18:32 of 2nd period - Shot Misses the Net.
18:34 of 2nd period - Wrist shot by Cody Hodgson.
18:34 of 2nd period - Stopped by Steve Mason with a rebound.
18:36 of 2nd period - Wrist shot by Cody Hodgson.
18:36 of 2nd period - Deflect By Sergei Kostitsyn.
18:36 of 2nd period - Goal by Sergei Kostitsyn - Senators : 5 - Carnivores : 5.
18:37 of 2nd period - Andy Miele wins face-off versus Vernon Fiddler in neutral zone.
19:02 of 2nd period - Blake Geoffrion is hit by Erik Karlsson.
Goals for this period are 4 for Senators vs 3 for Carnivores.
Shots for this period are 11 for Senators vs 13 for Carnivores.
3rd period
0:01 of 3rd period - Andy Miele wins face-off versus Vernon Fiddler in neutral zone.
0:02 of 3rd period - Penalty to Logan Stephenson is over, Logan Stephenson is back on ice.
0:06 of 3rd period - Wrist shot by Jeremy Welsh.
0:06 of 3rd period - Shot Blocked by Martin Marincin.
0:08 of 3rd period - Slapshot by Sasha Pokulok.
0:08 of 3rd period - Deflect By Brendan Gallagher.
0:08 of 3rd period - Stopped by Jonas Gustavsson without a rebound.
0:09 of 3rd period - Logan Stephenson wins face-off versus Jeremy Welsh in Senators zone.
0:54 of 3rd period - Slapshot by Stanislav Chistov.
0:54 of 3rd period - Stopped by Steve Mason with a rebound.
1:13 of 3rd period - Off-side.
1:14 of 3rd period - Mikael Granlund wins face-off versus Cody Hodgson in neutral zone.
1:27 of 3rd period - Wrist shot by Jaden Schwartz.
1:27 of 3rd period - Shot Misses the Net.
1:29 of 3rd period - Wrist shot by Nicolas Deslauriers.
1:29 of 3rd period - Shot Hit the Post.
1:39 of 3rd period - Bobby Sanguinetti is hit by Patrick Wey and loses puck.
1:44 of 3rd period - Wrist shot by Jack Skille.
1:44 of 3rd period - Stopped by Steve Mason with a rebound.
1:46 of 3rd period - Wrist shot by Brett Sterling.
1:46 of 3rd period - Deflect By Colton Orr.
1:46 of 3rd period - Stopped by Steve Mason without a rebound.
1:47 of 3rd period - Cody Hodgson wins face-off versus Mikael Granlund in Carnivores zone.
2:02 of 3rd period - Chris Lawrence is hit by Steven Goertzen and loses puck.
2:13 of 3rd period - Snap shot by Matt Frattin.
2:13 of 3rd period - Shot Misses the Net.
2:37 of 3rd period - Bobby Sanguinetti is hit by Jack Skille and loses puck.
2:44 of 3rd period - Brett Sterling is hit by Anton Gustafsson and loses puck.
3:21 of 3rd period - Snap shot by Chris Lawrence.
3:21 of 3rd period - Stopped by Jonas Gustavsson without a rebound.
3:22 of 3rd period - Mikael Granlund wins face-off versus Steven Goertzen in Senators zone.
4:39 of 3rd period - Lane MacDermid is hit by Mark Olver.
4:51 of 3rd period - Snap shot by Blake Geoffrion.
4:51 of 3rd period - Goal by Blake Geoffrion - Senators : 5 - Carnivores : 6.
4:52 of 3rd period - Mikael Granlund wins face-off versus Vernon Fiddler in neutral zone.
4:57 of 3rd period - Slapshot by Chris Lawrence.
4:57 of 3rd period - Shot Misses the Net.
4:59 of 3rd period - Slapshot by Blake Geoffrion.
4:59 of 3rd period - Shot Blocked by Stanislav Chistov.
5:20 of 3rd period - Snap shot by Jaden Schwartz.
5:20 of 3rd period - Shot Blocked by Bobby Sanguinetti.
5:22 of 3rd period - Wrist shot by Jaden Schwartz.
5:22 of 3rd period - Stopped by Steve Mason with a rebound.
6:47 of 3rd period - Icing by David Schlemko.
6:48 of 3rd period - Andy Miele wins face-off versus Cody Hodgson in Carnivores zone.
6:48 of 3rd period - Andy Miele is hit by Steven Goertzen.
6:56 of 3rd period - Steven Goertzen is hit by Andy Miele.
7:04 of 3rd period - Snap shot by Cody Hodgson.
7:04 of 3rd period - Shot Misses the Net.
8:03 of 3rd period - Snap shot by Jaden Schwartz.
8:03 of 3rd period - Shot Blocked by Sasha Pokulok.
8:05 of 3rd period - Snap shot by Jaden Schwartz.
8:05 of 3rd period - Shot Misses the Net.
8:07 of 3rd period - Snap shot by Patrick Wey.
8:07 of 3rd period - Stopped by Steve Mason with a rebound.
8:37 of 3rd period - Wrist shot by Steven Goertzen.
8:37 of 3rd period - Stopped by Steve Mason without a rebound.
8:38 of 3rd period - Vernon Fiddler wins face-off versus Mikael Granlund in Carnivores zone.
9:10 of 3rd period - Slapshot by Bobby Sanguinetti.
9:10 of 3rd period - Stopped by Jonas Gustavsson with a rebound.
9:28 of 3rd period - Slapshot by Mark Olver.
9:28 of 3rd period - Shot Blocked by Anton Gustafsson.
9:50 of 3rd period - Wrist shot by Stanislav Chistov.
9:50 of 3rd period - Goal by Stanislav Chistov - Senators : 6 - Carnivores : 6.
9:51 of 3rd period - Mikael Granlund wins face-off versus Vernon Fiddler in neutral zone.
10:43 of 3rd period - Slapshot by Dylan Hunter.
10:43 of 3rd period - Shot Blocked by Lane MacDermid.
10:59 of 3rd period - Chris Lawrence is hit by Logan Stephenson.
11:03 of 3rd period - Wrist shot by Vernon Fiddler.
11:03 of 3rd period - Shot Misses the Net.
11:12 of 3rd period - Icing by Anton Lander.
11:13 of 3rd period - Anton Lander wins face-off versus Nick Bjugstad in Carnivores zone.
11:13 of 3rd period - Anton Lander is hit by Nick Bjugstad.
11:20 of 3rd period - Chris Butler is hit by Nick Bjugstad and loses puck.
12:04 of 3rd period - Minor Penalty to David Schlemko for Holding.
12:05 of 3rd period - Mikael Granlund wins face-off versus Vernon Fiddler in Carnivores zone.
14:04 of 3rd period - Penalty to David Schlemko is over, David Schlemko is back on ice.
14:24 of 3rd period - Jeremy Welsh is hit by Nick Bjugstad and loses puck.
14:52 of 3rd period - Minor Penalty to Jaden Schwartz for Tripping.
14:53 of 3rd period - Vernon Fiddler wins face-off versus Andy Miele in Senators zone.
16:15 of 3rd period - Logan Stephenson is hit by Sasha Pokulok.
16:52 of 3rd period - Penalty to Jaden Schwartz is over, Jaden Schwartz is back on ice.
17:51 of 3rd period - Backhand shot by Jack Skille.
17:51 of 3rd period - Shot Blocked by Blake Geoffrion.
18:12 of 3rd period - Slapshot by Matt Frattin.
18:12 of 3rd period - Stopped by Steve Mason with a rebound.
18:26 of 3rd period - Jeremy Welsh is hit by Vernon Fiddler and loses puck.
18:53 of 3rd period - Colton Orr is hit by Brett Sterling and loses puck.
19:46 of 3rd period - Frederic St-Denis is hit by Matt Frattin and loses puck.
19:51 of 3rd period - Snap shot by Mark Olver.
19:51 of 3rd period - Deflect By Matt Frattin.
19:51 of 3rd period - Stopped by Steve Mason without a rebound.
19:52 of 3rd period - Mikael Granlund wins face-off versus Jack Skille in Carnivores zone.
Goals for this period are 1 for Senators vs 1 for Carnivores.
Shots for this period are 9 for Senators vs 4 for Carnivores.
Overtime #1
0:01 of 1st overtime period - Vernon Fiddler wins face-off versus Andy Miele in neutral zone.
0:06 of 1st overtime period - Snap shot by Erik Karlsson.
0:06 of 1st overtime period - Stopped by Steve Mason with a rebound.
0:08 of 1st overtime period - Slapshot by Erik Karlsson.
0:08 of 1st overtime period - Stopped by Steve Mason without a rebound.
0:09 of 1st overtime period - Andy Miele wins face-off versus Vernon Fiddler in Carnivores zone.
0:18 of 1st overtime period - Slapshot by Phil Oreskovic.
0:18 of 1st overtime period - Stopped by Jonas Gustavsson with a rebound.
0:36 of 1st overtime period - Snap shot by Erik Karlsson.
0:36 of 1st overtime period - Stopped by Steve Mason with a rebound.
0:38 of 1st overtime period - Slapshot by Stanislav Chistov.
0:38 of 1st overtime period - Goal by Stanislav Chistov - Senators : 7 - Carnivores : 6.
Goals for this period are 1 for Senators vs 0 for Carnivores.
Shots for this period are 4 for Senators vs 1 for Carnivores.
Back to the Top